 Dungeon Crawl Stone Soup version 0.28.0 (webtiles) character file.

Game seed: 11230457412968456714

19 Morbidden the Skirmisher (level 2, 24/24 HPs)
             Began as a Demonspawn Fighter on Feb 16, 2022.
             Quit the game on level 1 of the Dungeon.
             The game lasted 00:00:22 (1176 turns).

Morbidden the Skirmisher (Demonspawn Fighter)       Turns: 1176, Time: 00:00:22

Health: 24/24      AC:  6    Str: 16    XL:     2   Next: 55%
Magic:  2/2        EV:  8    Int:  9    God:
Gold:   27         SH:  4    Dex: 12    Spells: 1/1 levels left

rFire   . . .      SeeInvis .   a - +0 long sword
rCold   . . .      Faith    .   c - +0 buckler
rNeg    . . .      Spirit   .   b - +0 scale mail
rPois   .          Reflect  .   (no helmet)
rElec   .          Harm     .   (no cloak)
rCorr   .          Rampage  .   (no gloves)
Will    .....                   (no boots)
Stlth   ..........              (no amulet)
HPRegen 0.08/turn               (no ring)
MPRegen 0.08/turn               (no ring)

@: no status effects
A: demonic magic 1
a: no special abilities


You were on level 1 of the Dungeon.
You visited 1 branch of the dungeon, and saw 1 of its levels.

You collected 27 gold pieces.

Inventory:

Hand Weapons
 a - a +0 long sword (weapon)
Armour
 b - a +0 scale mail (worn)
 c - a +0 buckler (worn)
Scrolls
 e - a scroll of fog {unknown}
 g - 2 scrolls of identify {unknown}
Potions
 d - a potion of might
 f - a potion of magic {unknown}


   Skills:
 + Level 3.2 Fighting
 + Level 1.9 Long Blades
 + Level 3.1 Armour
 + Level 2.8 Shields


You had one spell level left.
You didn't know any spells.
Your spell library was empty.

Dungeon Overview and Level Annotations

Branches:
Dungeon (1/15)

Altars:


Innate Abilities, Weirdness & Mutations

Spells you cast may paralyse adjacent enemies.


Message History

A jackal comes into view.
There are monsters nearby!
The jackal bites you but does no damage.
You see here a jackal corpse.
There are monsters nearby!
You slash the jackal!
You kill the jackal!
The jackal bites you but does no damage.
A jackal is nearby!
You closely miss the jackal. The jackal bites you.
The jackal bites you but does no damage.
A jackal is nearby!
You closely miss the jackal. You block the jackal's attack.
The jackal bites you but does no damage.
You closely miss the jackal. The jackal barely misses you.
The jackal bites you but does no damage.
A jackal is nearby!
You hit the jackal.
You kill the jackal!
You see here a jackal corpse.
Found a stone staircase leading down.
No target in view!
There is a stone staircase leading down here.
g - 2 scrolls labelled XEMUTZ SAPLYE (gained 1) Key pressed, stopping explore.
No target in view!
Key pressed, stopping explore.
No target in view!
Key pressed, stopping explore.
No target in view!
Key pressed, stopping explore.
No target in view!
Key pressed, stopping explore.
No target in view!
You enter the shallow water.
Moving in this stuff is going to be slow.
You see here a +0 club.
There is an open door here.
Partly explored, can't reach some places.
Are you sure you want to abandon this character and quit the game? (Confirm with "yes".)

#.##.### #..
#......###########
####.##.............#
##≈≈≈≈≈###..########.#
##≈≈≈≈≈≈≈###.# #..
#≈≈≈≈≈≈≈≈≈≈#.# #..
#≈≈≈≈≈≈≈≈≈≈≈#)# ##..
#########≈≈≈≈.# #...
###..@#≈≈≈≈.# #...
##.'._.#≈≈≈≈.#######...
##..#...#≈≈≈≈...........
#..≈#####≈≈≈≈.########..
#.≈≈≈≈≈≈≈≈≈≈..# ###
#.≈≈≈≈≈≈≈≈≈..##
#.≈≈≈≈≈≈≈≈..##
#.##≈≈≈≈#..##
#.#######.##


There were no monsters in sight!

Vanquished Creatures
  A dart slug (D:1)
  3 endoplasms (D:1)
  A goblin (D:1)
  A hobgoblin (D:1)
  3 jackals (D:1)
  3 kobolds (D:1)
  2 quokkas (D:1)
14 creatures vanquished.

Notes
Turn   | Place    | Note
-------+----------+-------------------------------------------
     0 | D:1      | Morbidden the Demonspawn Fighter began the quest for the
                  | Orb.
     0 | D:1      | Reached XP level 1. HP: 18/18 MP: 1/1
   115 | D:1      | Found a faded altar of an unknown god.
   271 | D:1      | Gained mutation: Spells you cast may paralyse adjacent
                  | enemies. [demonic ancestry]
   271 | D:1      | Reached XP level 2. HP: 20/24 MP: 2/2
  1176 | D:1      | Quit the game

Illustrated notes

Levels and vault maps discovered:
D:1:      tarquinn_simple_flora_water_f, layout_loops_ring,
          nicolae_ecumenical_lake_church

Skill      XL: |  1  2 |
---------------+-------+-----
Armour         | 3 |  3.1
Fighting       | |  3.2
Long Blades    | |  1.9
Shields        | |  2.8

Action                   || total
-------------------------++-------
Melee: Long sword        ||    39
Armor: Scale mail        ||    17
Dodge: Dodged            ||    10
Block: Buckler           ||     2
